 Dungeon Crawl Stone Soup version 0.28.0 (webtiles) character file.

Game seed: 11902662038703284286

420097 Dorkslayer the Slayer (level 23, -4/210 (227) HPs)
             Began as a Hill Orc Fighter on July 26, 2022.
             Was a Believer of the Shining One.
             Slain by Dorkslayer's illusion (illusionary) (5 damage)
             ... woven by Mara
             ... on level 3 of the Depths on July 27, 2022.
             The game lasted 03:46:20 (42274 turns).

Dorkslayer the Slayer (Hill Orc Fighter)           Turns: 42274, Time: 03:46:21

HP:   -4/210 (227)  AC: 28    Str: 38    XL:     23   Next: 69%
MP:   28/28         EV: 15    Int: 11    God:    the Shining One [**....]
Gold: 3799          SH: 23    Dex: 17    Spells: 22/22 levels left

rFire   + . .      SeeInvis +   c - +6 broad axe (flame)
rCold   + + .      Faith    .   O - +2 kite shield of the Dolphin {rPois Str+9 Int-5 Stlth-}
rNeg    + . .      Spirit   .   w - +1 plate armour of Beogh's Condemnation {rC+}
rPois   +          Reflect  +   C - +1 helmet of Gehenna {Drain rElec Regen+}
rElec   +          Harm     .   q - +2 cloak {rCorr}
rCorr   +          Rampage  .   m - +2 pair of gloves {Dex+3}
Will    +....                   n - +0 pair of boots
Stlth   ..........              y - amulet "Zenaoc" {Reflect rF+ rC+ SH+5}
HPRegen 1.25/turn               J - ring "Wuluax" {Str+3 Int+6 Slay+2}
MPRegen 0.21/turn               f - ring of see invisible

@: lethally poisoned (-4 -> -11), hasted, glowing, drained, very quick
A: thin skeletal structure 1, subdued magic 1, sturdy frame 1
}: 2/15 runes: abyssal, gossamer
a: Renounce Religion, Divine Shield


You were on level 3 of the Depths.
You worshipped the Shining One.
The Shining One was pleased with you.
You visited 7 branches of the dungeon, and saw 34 of its levels.
You visited the Abyss 1 time.
You also visited: Sewer, Bailey, Ice Cave and Wizlab.

You collected 14027 gold pieces.
You spent 8178 gold pieces at shops.
You paid 2050 gold pieces to Gozag.

Inventory:

Hand Weapons
 c - a +6 broad axe of flaming (weapon)
 F - a +2 broad axe of draining
Missiles
 r - 28 boomerangs (quivered)
 D - 2 javelins
Armour
 m - a +2 pair of gloves of dexterity (worn)
 n - a +0 pair of boots (worn)
 q - a +2 cloak of preservation (worn)
 w - the +1 plate armour of Beogh's Condemnation (worn) {rC+}
   (You found it on level 5 of the Lair of Beasts)

   rC:        It protects you from cold.
 C - the +1 helmet of Gehenna (worn) {Drain rElec Regen+}
   (You found it on level 14 of the Dungeon)

   rElec:     It insulates you from electricity.
   Regen:     It increases your rate of health regeneration.
   Drain:     It drains your maximum health when unequipped.
 O - the +2 kite shield of the Dolphin (worn) {rPois Str+9 Int-5 Stlth-}
   (You bought it in a shop on level 12 of the Dungeon)

   Str:       It affects your strength (+9).
   Int:       It affects your intelligence (-5).
   rPois:     It protects you from poison.
   Stlth:     It makes you less stealthy.
Jewellery
 f - a ring of see invisible (right hand)
 y - the amulet "Zenaoc" (around neck) {Reflect rF+ rC+ SH+5}
   (You bought it in a shop on level 5 of the Dungeon)

   [amulet of reflection]

   It reflects blocked missile attacks.
   rF:        It protects you from fire.
   rC:        It protects you from cold.
   SH:        It affects your SH (+5).
 E - the ring "Suyddoek" {AC+4 Dex+2}
   (You took it off an orc priest on level 8 of the Dungeon)

   [ring of protection]

   AC:        It affects your AC (+4).
   Dex:       It affects your dexterity (+2).
 I - the amulet of Lugonu's Supremacy {Reflect Harm rElec Str+5 Int-2 SH+5}
   (You found it in a bailey)

   [amulet of reflection]

   It reflects blocked missile attacks.
   Str:       It affects your strength (+5).
   Int:       It affects your intelligence (-2).
   rElec:     It insulates you from electricity.
   SH:        It affects your SH (+5).
   Harm:      It increases damage dealt and taken.
 J - the ring "Wuluax" (left hand) {Str+3 Int+6 Slay+2}
   (You acquired it on level 10 of the Dungeon)

   [ring of intelligence]

   Str:       It affects your strength (+3).
   Int:       It affects your intelligence (+6).
   Slay:      It affects your accuracy & damage with ranged weapons and melee
   (+2).
 M - the ring of Ytead {Fire MP+9 Dex+4 Stlth+}
   (You found it on level 11 of the Dungeon)

   [ring of fire]

   It enhances your fire magic.
   Dex:       It affects your dexterity (+4).
   rF:        It protects you from fire.
   rC:        It makes you vulnerable to cold.
   MP:        It affects your magic capacity (+9).
   Stlth:     It makes you more stealthy.
 Q - the amulet "Qixke" {-Tele rElec rPois Regen+ rCorr}
   (You found it on level 3 of the Lair of Beasts)

   [amulet of regeneration]

   rElec:     It insulates you from electricity.
   rPois:     It protects you from poison.
   -Tele:     It prevents most forms of teleportation.
   Regen:     It increases your rate of health regeneration.
   rCorr:     It protects you from acid and corrosion.
 Y - a ring of flight
Wands
 H - a wand of mindburst (1)
 K - a wand of acid (20)
 P - a wand of flame (26)
 S - a wand of digging (15)
 U - a wand of iceblast (6)
 V - a wand of paralysis (10)
Scrolls
 a - 2 scrolls of magic mapping
 e - 2 scrolls of holy word
 g - 10 scrolls of identify
 i - 6 scrolls of immolation
 l - 4 scrolls of fear
 o - a scroll of silence
 p - 6 scrolls of enchant armour
 s - 4 scrolls of fog
 t - a scroll of enchant weapon
 v - 3 scrolls of amnesia
 x - 2 scrolls of blinking
 B - 19 scrolls of teleportation
 W - 2 scrolls of brand weapon
Potions
 b - 4 potions of magic
 d - 8 potions of might
 h - 6 potions of curing
 j - 4 potions of mutation
 z - 3 potions of ambrosia
 A - 3 potions of flight
 L - 3 potions of cancellation
 R - 4 potions of haste
Miscellaneous
 k - a phantom mirror
 u - a phial of floods
 Z - a box of beasts


   Skills:
 * Level 23.5 Fighting
 + Level 20.3 Axes
 + Level 5.9 Throwing
 + Level 12.8 Armour
 * Level 11.0 Dodging
 + Level 4.5 Stealth
 * Level 21.3 Shields
 * Level 7.6 Invocations
 * Level 13.8 Evocations


You had 22 spell levels left.
You didn't know any spells.
Your spell library contained the following spells:

 Spells                   Type           Power      Damage    Failure   Level
 Animate Skeleton         Necr           0%         N/A       78%         1
 Apportation              Tloc           0%         N/A       78%         1
 Foxfire                  Conj/Fire      0%         2x1d4     78%         1
 Pain                     Necr           0%         1d4       78%         1
 Sandblast                Erth           0%         2d4       78%         1
 Shock                    Conj/Air       0%         1d3       78%         1
 Slow                     Hex            0%         N/A       78%         1
 Sting                    Tmut/Pois      0%         1d3       78%         1
 Summon Small Mammal      Summ           0%         N/A       78%         1
 Blink                    Tloc           0%         N/A       89%         2
 Corpse Rot               Necr/Air       0%         N/A       89%         2
 Passwall                 Tmut/Erth      0%         N/A       89%         2
 Poisonous Vapours        Pois/Air       0%         N/A       89%         2
 Sublimation of Blood     Necr           0%         N/A       89%         2
 Confusing Touch          Hex            0%         N/A       99%         3
 Conjure Flame            Conj/Fire      0%         6-21      99%         3
 Ignite Poison            Fire/Tmut/Pois 0%         N/A       99%         3
 Inner Flame              Hex/Fire       0%         N/A       99%         3
 Lesser Beckoning         Tloc           0%         N/A       99%         3
 Ozocubu's Armour         Ice            0%         N/A       99%         3
 Portal Projectile        Hex/Tloc       0%         N/A       99%         3
 Stone Arrow              Conj/Erth      0%         3d7       99%         3
 Summon Guardian Golem    Hex/Summ       0%         N/A       99%         3
 Swiftness                Air            0%         N/A       99%         3
 Tukima's Dance           Hex            0%         N/A       99%         3
 Vampiric Draining        Necr           0%         2d6       99%         3
 Airstrike                Air            0%         N/A       100%        4
 Animate Armour           Summ/Erth      0%         N/A       100%        4
 Cause Fear               Hex            0%         N/A       100%        4
 Flame Wave               Conj/Fire      0%         2d4       100%        4
 Leda's Liquefaction      Hex/Erth       0%         N/A       100%        4
 Olgreb's Toxic Radiance  Pois           0%         N/A       100%        4
 Passage of Golubria      Tloc           0%         N/A       100%        4
 Petrify                  Tmut/Erth      0%         N/A       100%        4
 Sticky Flame             Conj/Fire      0%         2d3       100%        4
 Summon Lightning Spire   Summ/Air       0%         N/A       100%        4
 Alistair's Intoxication  Tmut/Pois      0%         N/A       100%        5
 Blade Hands              Tmut           0%         N/A       100%        5
 Borgnjor's Vile Clutch   Necr/Erth      0%         N/A       100%        5
 Excruciating Wounds      Necr           0%         N/A       100%        5
 Fireball                 Conj/Fire      0%         3d3       100%        5
 Freezing Cloud           Conj/Ice/Air   0%         6-21      100%        5
 Irradiate                Conj/Tmut      0%         3d14      100%        5
 Iskenderun's Battlesphe  Conj           0%         2d6       100%        5
 Lightning Bolt           Conj/Air       0%         1d11      100%        5
 Manifold Assault         Tloc           0%         N/A       100%        5
 Summon Forest            Summ/Tloc      0%         N/A       100%        5
 Yara's Violent Unravell  Hex/Tmut       0%         3d3       100%        5
 Conjure Ball Lightning   Conj/Air       0%         3x3d6     100%        6
 Eringya's Noxious Bog    Tmut/Pois      0%         N/A       100%        6
 Simulacrum               Ice/Necr       0%         N/A       100%        6
 Starburst                Conj/Fire      0%         6d3       100%        6
 Orb of Destruction       Conj           0%         9d5       100%        7
 Ozocubu's Refrigeration  Ice            0%         4d5       100%        7
 Spellforged Servitor     Conj/Summ      0%         N/A       100%        7
 Storm Form               Tmut/Air       0%         N/A       100%        7
 Summon Hydra             Summ           0%         N/A       100%        7
 Discord                  Hex            0%         N/A       100%        8
 Ignition                 Fire           0%         3d3       100%        8
 Lehudib's Crystal Spear  Conj/Erth      0%         10d2      100%        8
 Maxwell's Capacitive Co  Air            0%         ∞         100%        8
 Polar Vortex             Ice            0%         N/A       100%        9


Dungeon Overview and Level Annotations

Branches:
Dungeon (15/15)            Temple (1/1) D:4            Lair (6/6) D:11
 Shoals (0/4) Lair:2       Spider (4/4) Lair:2        Slime (0/5) Lair:5
    Orc (2/2) D:12            Elf (3/3) Orc:2        Vaults (0/5) D:14
 Depths (3/4) D:15          Sewer (visited)          Bailey (visited)
  IceCv (visited)          WizLab (visited)

Altars:
Ashenzari
Cheibriados
Dithmenos
Fedhas
Gozag
Hepliaklqana
Kikubaaqudgha
Makhleb
Nemelex Xobeh
Qazlal
Ru
Wu Jian
Xom
The Shining One
Jiyva

Shops:
D:2 (   D:5 =   D:10 =   D:12 ?[[   D:14 *   Orc:2 ([*=   Elf:1 (   Elf:2 ![!!
Elf:3 ![   Depths:1 *   Depths:2 (

Portals:
Hell: Depths:1 Depths:2
Abyss: Depths:1 Depths:2
Pandemonium: Depths:2
Trove: Elf:3 (give +3 storm dragon scales)

Annotations:
Elf:2 4 runed translucent doors
Depths:3 Mara


Innate Abilities, Weirdness & Mutations

You have a somewhat thin skeletal structure. (Dex +2, Stealth+)
Your spells are a little easier to cast, but a little less powerful.
Your movements are slightly less encumbered by armour. (ER -2)


Message History

Okay, then.
Aiming: Iceblast
Press: ? - help, Shift-Dir - straight line The mass of ice explodes!
The iceblast engulfs Mara!!
Mara is almost dead.
The iceblast engulfs Mara!
You kill Mara!
Mara shimmers and vanishes!
You block Mara's attack.
Dorkslayer's illusion completely misses you.
Mara closely misses you.
Unknown command.
Unknown command.
Mara weaves an illusion.
Mara shimmers and seems to become three!
Unknown command.
You hit Mara but do no damage.
Mara is almost dead.
You slash Dorkslayer's illusion! You burn Dorkslayer's illusion.
You slice Mara!!
You kill Mara!
Mara shimmers and vanishes!
Mara hits you from afar with a +5 demon trident of venom.
Mara hits you with a +5 demon trident of venom!
* * * LOW HITPOINT WARNING * * *
You are poisoned.
Mara hits you but does no damage.
You barely miss Mara.
Mara is almost dead.
You slice Dorkslayer's illusion!! You burn Dorkslayer's illusion.
You feel sick. You block Mara's attack.
Mara blinks!
Dorkslayer's illusion hits you!!
* * * LOW HITPOINT WARNING * * *
Dorkslayer's illusion burns you.
* * * LOW HITPOINT WARNING * * *
You feel yourself speed up.
You feel sick. Mara hits you but does no damage.
You are more poisoned.
Dorkslayer's illusion hits you!!
* * * LOW HITPOINT WARNING * * *
Dorkslayer's illusion burns you.
You die...

#.# ###....##...##..## # #.#
#...........##..#8 #.#.#
..#.......##..##. #.#.#
##.....#######. #####'#.#
#.###.....## #.
........######..##>###..# #8
......[............##...####
......)))..@.....[..#.#..#
.......#...@....##..#.#..#
...######..§....##..)....##
.. #..R....##..#...#..#
####...###..#...#..#
#..R..###..#).§#§.##
####..##.§#..#§§#§.#
#.###..§§.#§§§§.#
##.###.§#§.#§§#§.#
#..##..#..###§§#..


You could see 2 Maras and Dorkslayer's illusion.

Vanquished Creatures
  A golden dragon (Depths:2)
  Arachne (Spider:2)
  A Tzitzimitl (Depths:3)
  2 tentacled monstrosities
  3 liches
  Rupert (Lair:4)
  The ghost of Urrug the Thrower, an adept TrHu of Ashenzari (Spider:3)
  A walking frostbound tome (Depths:1)
  2 walking divine tomes (WizLab)
  A walking earthen tome (WizLab)
  A sphinx (Depths:2)
  The ghost of Vaqyst the Warrior, an adept HOFi of Jiyva (Spider:3)
  3 tengu reavers
  The ghost of Rod Caur the Severer, an adept HOFi of Beogh (Spider:3)
  2 shadow dragons (Depths:3)
  A storm dragon (Depths:2)
  8 fire giants
  2 strange machines (WizLab)
  6 frost giants
  6 emperor scorpions
  A deep elf sorcerer (Elf:3)
  3 orc warlords
  3 ghost moths (Spider:4)
  A juggernaut zombie (Depths:1)
  A quicksilver ooze (shapeshifter) (Depths:2)
  11 very ugly things
  A deep elf elementalist (Elf:3)
  The ghost of Cicylist the Cleaver, a journeyman FoFi of Okawaru (D:14)
  13 stone giants
  3 broodmothers (Spider:4)
  4 vampire knights (Depths:3)
  The ghost of Feguytzu the Basher, a journeyman GrMo of Gozag (Spider:3)
  2 deep elf annihilators
  3 deep elf demonologists (Elf:3)
  4 spark wasps
  A minotaur (D:14)
  3 entropy weavers
  Azrael (Elf:1)
  7 ettins
  Snorg (Lair:4)
  3 jiangshi (Depths:1)
  4 fire dragons
  6 great orbs of eyes
  The ghost of bluv the Spear-Bearer, a journeyman MiBe of Trog (D:11)
  Erolcha (D:11)
  A deep elf high priest (Elf:1)
  9 boulder beetles
  A spriggan air mage (Depths:2)
  5 ice dragons
  14 hydras
  Harold (D:11)
  A merfolk avatar (Lair:6)
  14 rakshasas
  6 centaur warriors
  An ogre mage (D:14)
  2 jorogumos (Spider:3)
  2 radroaches
  2 catoblepae
  17 death yaks
  6 two-headed ogres
  A deep troll shaman (Depths:2)
  4 tengu warriors
  Urug (Lair:5)
  2 spriggan berserkers
  A vampire mage (Depths:1)
  10 deep elf knights
  3 orc high priests (Orc:2)
  6 deep troll earth magi
  5 iron trolls (Depths:2)
  4 hell knights
  A skeletal warrior (D:14)
  5 pharaoh ants
  A spriggan (Depths:2)
  A sun moth (Spider:4)
  5 shadow wraiths (Depths:3)
  10 steelbarb worms
  A sea snake (Lair:6)
  10 deep elf archers
  3 shadow demons (Depths:3)
  6 deep trolls
  A glowing orange brain (Depths:2)
  A harpy (Lair:6)
  4 wizards
  11 orb spiders
  2 flayed ghosts
  4 orc knights
  4 necromancers (Depths:1)
  24 deep elf zephyrmancers
  A fire giant zombie (Depths:1)
  23 deep elf pyromancers
  18 wolf spiders
  5 orc sorcerers
  A tengu zombie (Depths:1)
  A worldbinder (Abyss:3)
  4 moths of wrath
  9 cyclopes
  31 ugly things
  8 manticores
  6 black mambas
  15 elephants
  2 ice statues (IceCv)
  4 torpor snails
  Maggie (D:6)
  A gargoyle (D:12)
  13 cane toads
  6 yaktaurs
  13 demonic crawlers
  2 freezing wraiths
  8 komodo dragons
  7 rime drakes
  3 tengu conjurers
  2 efreet
  16 meliai
  A golden dragon simulacrum (Depths:1)
  6 trolls
  4 wind drakes
  4 hornets
  A wind drake (shapeshifter) (Elf:1)
  3 polar bears
  12 slime creatures
  A wolf spider simulacrum (D:13)
  28 tarantellas
  18 blink frogs
  A blink frog (shapeshifter) (D:15)
  3 raiju (Abyss:3)
  2 snapping turtles (Lair:6)
  25 jumping spiders
  2 centaur simulacra (D:11)
  An air elemental (Elf:3)
  36 yaks
  25 culicivoras
  3 wraiths
  6 wyverns
  3 water elementals
  3 basilisks
  A wyvern (shapeshifter) (Depths:3)
  A human (shapeshifter) (Elf:2)
  11 fire elementals
  Eustachio (D:6)
  A death yak simulacrum (IceCv)
  5 vampire mosquitoes
  2 neqoxecs (Abyss:3)
  2 harpy simulacra (IceCv)
  2 steam dragons
  44 redbacks
  2 wargs (D:11)
  3 acid dragons
  17 water moccasins
  Duvessa (D:6)
  2 hell hounds (Elf:1)
  7 ice beasts
  A sky beast (D:8)
  2 black bears
  36 orc warriors
  10 ogres
  3 necrophages
  15 wolves (Lair:1)
  3 boggarts (D:15)
  2 centaurs
  12 bullfrogs
  8 kobold brigands
  A gnoll sergeant (D:11)
  A naga simulacrum (Abyss:3)
  A wyvern zombie (D:8)
  A cane toad simulacrum (IceCv)
  2 scorpions
  2 earth elementals
  A wyvern skeleton (D:6)
  Dowan (D:6)
  An elephant simulacrum (IceCv)
  17 wights
  9 electric eels
  5 howler monkeys
  5 lava snakes (D:13)
  6 centaur zombies
  2 starcursed masses (Abyss:3)
  2 bullfrog zombies
  11 orc priests
  5 centaur skeletons
  2 bullfrog skeletons
  A hound (D:5)
  4 jellies
  Jessica (D:3)
  3 iguanas
  17 orc wizards
  4 howler monkey zombies
  11 gnolls
  6 river rats
  14 adders
  A shadow imp (D:6)
  9 white imps
  3 ufetubi (D:6)
  10 worms
  A dart slug (D:4)
  61 orcs
  5 bats
  14 endoplasms
  6 giant cockroaches
  8 goblins
  5 hobgoblins
  2 jackals (D:3)
  7 quokkas
  10 ball pythons
  5 frilled lizards
  35 kobolds
  16 rats
  A bush (Lair:1)
1255 creatures vanquished.

Vanquished Creatures (collateral kills)
  The ghost of kaikaun the Slasher, an amateur GnCA of Ignis (D:4)
  An orc warrior (Orc:2)
  A gnoll sergeant (D:6)
  2 bullfrog zombies (D:4)
  A gnoll shaman (D:4)
  2 gnolls
  A shadow imp (D:6)
  2 orcs
11 creatures vanquished.

Vanquished Creatures (others)
  A deep elf elementalist (Elf:3)
  An ice dragon (D:14)
  A two-headed ogre (D:14)
  A deep troll shaman (Depths:2)
  22 dancing weapons
  A wizard (Depths:2)
  2 gnolls
  An orc (D:3)
  2 kobolds
  A bush (Lair:1)
  78 fungi
  101 plants
  A withered plant (D:10)
213 creatures vanquished.

Grand Total: 1479 creatures vanquished

Notes
Turn   | Place    | Note
-------+----------+-------------------------------------------
     0 | D:1      | Dorkslayer the Hill Orc Fighter began the quest for the
                  | Orb.
     0 | D:1      | Reached XP level 1. HP: 19/19 MP: 1/1
    55 | D:1      | Reached XP level 2. HP: 22/27 MP: 2/2
   319 | D:1      | Reached XP level 3. HP: 21/33 MP: 3/3
   433 | D:1      | You fall into a shaft and drop 1 floor!
   683 | D:2      | Found Zonauwirri's Weapon Shop.
   695 | D:2      | Reached skill level 4 in Fighting
   695 | D:2      | Reached skill level 1 in Dodging
   763 | D:2      | Reached XP level 4. HP: 36/40 MP: 4/4
   877 | D:2      | Found an ancient bone altar of Kikubaaqudgha.
  1243 | D:3      | Reached XP level 5. HP: 28/46 MP: 5/5
  1417 | D:3      | Noticed Jessica
  1431 | D:3      | Killed Jessica
  1643 | D:3      | Reached skill level 5 in Axes
  1726 | D:3      | Found a faded altar of an unknown god.
  2250 | D:4      | Found a sacrificial altar of Ru.
  2298 | D:4      | Reached XP level 6. HP: 50/53 MP: 6/6
  2392 | D:4      | Found a glowing drain.
  2396 | Sewer    | Entered a sewer
  2750 | Sewer    | Reached skill level 5 in Shields
  3074 | Sewer    | Reached XP level 7. HP: 34/60 MP: 7/7
  3384 | Sewer    | Reached skill level 5 in Fighting
  3622 | D:4      | Reached skill level 5 in Armour
  3713 | D:4      | Found a transporter.
  3715 | D:4      | Noticed kaikaun's ghost (amateur GnCA)
  3745 | D:4      | Found a staircase to the Ecumenical Temple.
  3760 | Temple   | Entered the Ecumenical Temple
  3773 | Temple   | Became a worshipper of Gozag Ym Sagoz the Greedy
  3831 | D:4      | Reached XP level 8. HP: 68/68 MP: 8/8
  4338 | D:4      | Found a glowing golden altar of the Shining One.
  4530 | D:4      | Found a transporter.
  4709 | D:4      | Reached skill level 1 in Stealth
  4709 | D:4      | Killed kaikaun's ghost
  4710 | D:4      | Reached skill level 1 in Evocations
  4791 | D:5      | Entered Level 5 of the Dungeon
  4791 | D:5      | Found Doenof's Jewellery Boutique.
  4869 | D:5      | Found a shadowy altar of Dithmenos.
  5005 | D:5      | Reached skill level 6 in Fighting
  5549 | D:5      | Reached XP level 9. HP: 34/78 MP: 9/9
  6676 | D:6      | Reached skill level 7 in Fighting
  6976 | D:6      | Noticed Eustachio
  6987 | D:6      | Killed Eustachio
  7204 | D:5      | Bought the amulet "Zenaoc" {Reflect rF+ rC+ SH+5} for 561
                  | gold pieces
  7295 | D:6      | Noticed Duvessa
  7297 | D:6      | Noticed Dowan
  7304 | D:6      | Killed Duvessa
  7314 | D:6      | Killed Dowan
  7383 | D:6      | Noticed Maggie
  7405 | D:6      | Killed Maggie
  7406 | D:6      | Reached skill level 10 in Axes
  7462 | D:6      | Reached skill level 1 in Throwing
  7599 | D:7      | Reached XP level 10. HP: 60/88 MP: 10/10
  8224 | D:7      | Reached skill level 8 in Fighting
  8547 | D:7      | Found an ornate altar of the Wu Jian Council.
  9048 | D:8      | Noticed Maurice
  9051 | D:8      | Noticed Maurice
  9051 | D:8      | Maurice changed into Maurice the sky beast
  9056 | D:8      | Killed Maurice the sky beast
  9206 | D:8      | Identified the ring "Suyddoek" {AC+4 Dex+2}
  9412 | D:8      | Noticed a boulder beetle
  9446 | D:8      | Found a transporter.
  9467 | D:8      | Found a transporter.
  9751 | D:8      | Killed a boulder beetle
  9910 | D:9      | Reached skill level 9 in Fighting
 10203 | D:9      | Reached XP level 11. HP: 97/97 MP: 11/11
 10381 | D:9      | Reached skill level 5 in Evocations
 10596 | D:9      | Reached skill level 10 in Shields
 10943 | D:10     | Entered Level 10 of the Dungeon
 10985 | D:10     | Found a flagged portal.
 10997 | Bailey   | Entered a bailey
 11002 | Bailey   | Noticed an orc warlord
 11087 | Bailey   | Found a runed translucent gate.
 11087 | Bailey   | Found a runed translucent gate.
 11096 | Bailey   | Found a runed translucent gate.
 11264 | Bailey   | Killed an orc warlord
 11276 | Bailey   | Identified the +0 robe of the Yeti {Int+2}
 11285 | Bailey   | Identified the amulet of Lugonu's Supremacy {Reflect Harm
                  | rElec Str+5 Int-2 SH+5}
 11466 | D:10     | Acquired the ring "Wuluax" {Str+3 Int+6 Slay+2}
 11470 | D:10     | Acquired a manual of Fighting
 11730 | D:10     | Found Huha's Jewellery Shoppe.
 11796 | D:10     | Reached skill level 10 in Fighting
 11901 | D:10     | Noticed a brown ugly thing
 11907 | D:10     | Noticed a two-headed ogre
 11916 | D:10     | Killed a two-headed ogre
 11918 | D:10     | Killed a brown ugly thing
 12073 | D:10     | Found a burning altar of Makhleb.
 12078 | D:10     | Noticed a green death
 12469 | D:11     | Noticed a two-headed ogre
 12476 | D:11     | Killed a two-headed ogre
 12515 | D:11     | Noticed a manticore
 12526 | D:11     | Killed a manticore
 12527 | D:11     | Reached XP level 12. HP: 75/108 MP: 12/12
 12531 | D:11     | Reached skill level 11 in Fighting
 12531 | D:11     | Found a staircase to the Lair.
 12550 | D:11     | Noticed Harold
 12565 | D:11     | Killed Harold
 12710 | D:11     | Noticed Erolcha
 12722 | D:11     | Killed Erolcha
 12928 | D:11     | Found a runed translucent gate.
 12929 | D:11     | Found a runed translucent gate.
 12929 | D:11     | Found a runed translucent gate.
 12996 | D:11     | Noticed bluv's ghost (journeyman MiBe)
 13006 | D:11     | Identified the +4 long sword "Qesimom" {pain, rElec rF+
                  | SInv}
 13254 | D:11     | Killed bluv's ghost
 13357 | D:11     | Got the ring of Ytead {Fire MP+9 Dex+4 Stlth+}
 13405 | Lair:1   | Entered Level 1 of the Lair of Beasts
 13413 | Lair:1   | Noticed a seven-headed hydra
 13420 | Lair:1   | Killed a three-headed hydra
 13658 | Lair:1   | Noticed a fire dragon
 13676 | Lair:1   | Killed a fire dragon
 13677 | Lair:1   | Reached skill level 12 in Fighting
 14106 | Lair:1   | Noticed a catoblepas
 14212 | Lair:1   | Killed a catoblepas
 14319 | Lair:1   | Reached XP level 13. HP: 119/119 MP: 13/13
 14826 | Lair:2   | Found a staircase to the Shoals.
 15212 | Lair:2   | Found a hole to the Spider Nest.
 15223 | Lair:2   | Reached skill level 13 in Fighting
 16061 | Lair:3   | You fall into a shaft and drop 1 floor!
 16988 | Lair:3   | Identified the amulet "Qixke" {-Tele rElec rPois Regen+
                  | rCorr}
 17611 | Lair:3   | Reached skill level 14 in Fighting
 17611 | Lair:3   | Reached skill level 5 in Dodging
 17911 | Lair:4   | Identified the +3 battleaxe "Bybbu" {spect, rPois Dex+3}
 17958 | Lair:4   | Reached skill level 15 in Axes
 18009 | Lair:4   | Noticed Rupert
 18031 | Lair:4   | Killed Rupert
 18032 | Lair:4   | Reached XP level 14. HP: 45/133 MP: 14/14
 18734 | Lair:4   | Noticed Snorg
 18747 | Lair:4   | Killed Snorg
 19158 | Lair:5   | Found a runed translucent door.
 19164 | Lair:5   | Found a viscous altar of Jiyva.
 19165 | Lair:5   | Found a staircase to the Slime Pits.
 19174 | Lair:5   | Reached skill level 15 in Fighting
 19232 | Lair:5   | Noticed Urug
 19242 | Lair:5   | Killed Urug
 19534 | Lair:5   | Identified the +1 plate armour of Beogh's Condemnation
                  | {rC+}
 20346 | Lair:6   | Entered Level 6 of the Lair of Beasts
 20388 | Lair:6   | Reached skill level 16 in Fighting
 21041 | Lair:6   | Reached XP level 15. HP: 146/146 MP: 15/15
 21103 | Lair:6   | Reached skill level 17 in Fighting
 21786 | Lair:6   | Identified the +1 trident of Fedhas's Fury {vorpal, Int+5
                  | Dex-3 Stlth-}
 22342 | D:12     | Found a staircase to the Orcish Mines.
 22395 | D:12     | Found a frozen archway.
 22404 | IceCv    | Entered an ice cave
 22436 | IceCv    | Found a transporter.
 22447 | IceCv    | Found a transporter.
 22725 | IceCv    | Reached skill level 15 in Shields
 23016 | D:12     | Reached skill level 18 in Fighting
 24282 | D:13     | Reached skill level 10 in Armour
 24282 | D:13     | Reached skill level 10 in Evocations
 24769 | D:14     | Noticed Cicylist's ghost (journeyman FoFi)
 24783 | D:14     | Found a runed translucent gate.
 24783 | D:14     | Found a runed translucent gate.
 24783 | D:14     | Found a runed translucent gate.
 24893 | D:14     | Found a hazy altar of Hepliaklqana.
 25048 | D:14     | Reached XP level 16. HP: 65/159 MP: 16/16
 25491 | D:14     | Identified the +1 helmet of Gehenna {Drain rElec Regen+}
 25622 | D:14     | Found a gate to the Vaults.
 25719 | D:14     | Reached skill level 19 in Fighting
 25902 | D:14     | Found Zaluaca's Assorted Antiques.
 25905 | D:14     | Bought a box of beasts for 1160 gold pieces
 25905 | D:14     | Bought a scroll of enchant armour for 217 gold pieces
 25905 | D:14     | Bought a potion of cancellation for 232 gold pieces
 25905 | D:14     | Bought a potion of flight for 87 gold pieces
 26436 | D:14     | Killed Cicylist's ghost
 26441 | D:14     | Identified the amulet "Mosuweu" {Spirit rN+ SInv Stlth+}
 26515 | Orc:1    | Entered Level 1 of the Orcish Mines
 26732 | Orc:1    | Found a shimmering altar of Xom.
 26882 | Orc:2    | Entered Level 2 of the Orcish Mines
 26955 | Orc:2    | HP: 4/150 [orc sorcerer/bolt of negative energy (40)]
 27279 | Orc:2    | Reached skill level 5 in Throwing
 27363 | Orc:2    | Found a staircase to the Elven Halls.
 27408 | Orc:2    | Found Vehauc's Antique Weapon Shoppe.
 27766 | Orc:2    | Found Tejum's Antique Armour Shoppe.
 27801 | Orc:2    | Bought a shiny kite shield for 270 gold pieces
 27821 | Orc:2    | Found Ryplausi's General Store.
 27846 | Orc:2    | Bought a scroll of immolation for 42 gold pieces
 27846 | Orc:2    | Bought a scroll of teleportation for 36 gold pieces
 27892 | Orc:2    | Found Feq Joit's Jewellery Shoppe.
 28334 | D:12     | Bought a scroll of magic mapping for 66 gold pieces
 28334 | D:12     | Bought a scroll of enchant weapon for 142 gold pieces
 28339 | D:12     | Bought a glowing plate armour for 1222 gold pieces
 28339 | D:12     | Bought a glowing helmet for 352 gold pieces
 28339 | D:12     | Bought a glowing kite shield for 352 gold pieces
 28339 | D:12     | Bought a steaming kite shield for 446 gold pieces
 28339 | D:12     | Identified the +2 kite shield of the Dolphin {rPois Str+9
                  | Int-5 Stlth-} (You bought it in a shop on level 12 of the
                  | Dungeon)
 28373 | D:15     | Entered Level 15 of the Dungeon
 28456 | D:15     | Found a snail-covered altar of Cheibriados.
 28601 | D:15     | Found a staircase to the Depths.
 29199 | Spider:1 | Entered Level 1 of the Spider Nest
 29387 | Spider:1 | Reached XP level 17. HP: 161/169 MP: 17/17
 30330 | Spider:2 | Noticed Arachne
 30358 | Spider:2 | Killed Arachne
 30959 | Spider:2 | Reached skill level 20 in Fighting
 32223 | Spider:3 | Identified the +1 scale mail "Kiemif" {Fly}
 32307 | Spider:3 | Found a runed translucent gate.
 32307 | Spider:3 | Found a runed translucent gate.
 32307 | Spider:3 | Found a runed translucent gate.
 32307 | Spider:3 | Noticed Urrug's ghost (adept TrHu)
 32307 | Spider:3 | Noticed Rod Caur's ghost (adept HOFi)
 32307 | Spider:3 | Noticed Feguytzu's ghost (journeyman GrMo)
 32307 | Spider:3 | Noticed Vaqyst's ghost (adept HOFi)
 32328 | Spider:3 | Killed Urrug's ghost
 32344 | Spider:3 | Killed Rod Caur's ghost
 32350 | Spider:3 | Killed Vaqyst's ghost
 32351 | Spider:3 | Killed Feguytzu's ghost
 32428 | Spider:4 | Entered Level 4 of the Spider Nest
 32800 | Spider:4 | Reached XP level 18. HP: 180/180 MP: 18/18
 33314 | Spider:4 | Identified the +0 leather armour of Qoatozucw {rElec Str+7
                  | Int-2 Stlth+}
 33591 | Spider:4 | Got a gossamer rune of Zot
 34152 | Spider:2 | Gained mutation: Your spells are a little harder to cast,
                  | but a little more powerful. [potion of mutation]
 34152 | Spider:2 | Gained mutation: You are strong-willed. (Will+) [potion of
                  | mutation]
 34153 | Spider:2 | Lost mutation: Your spells are a little harder to cast, but
                  | a little more powerful. [potion of mutation]
 34153 | Spider:2 | Lost mutation: You are strong-willed. (Will+) [potion of
                  | mutation]
 34153 | Spider:2 | Gained mutation: You have a pair of small horns on your
                  | head. [potion of mutation]
 34153 | Spider:2 | Gained mutation: Your spells are a little harder to cast,
                  | but a little more powerful. [potion of mutation]
 34154 | Spider:2 | Lost mutation: You have a pair of small horns on your head.
                  | [potion of mutation]
 34154 | Spider:2 | Lost mutation: Your spells are a little harder to cast, but
                  | a little more powerful. [potion of mutation]
 34154 | Spider:2 | Gained mutation: You tend to lose your temper in combat.
                  | [potion of mutation]
 34154 | Spider:2 | Lost mutation: You tend to lose your temper in combat.
                  | [potion of mutation]
 34154 | Spider:2 | Gained mutation: You expend magic power (3 MP) to
                  | strengthen your wands. [potion of mutation]
 34155 | Spider:2 | Lost mutation: You expend magic power (3 MP) to strengthen
                  | your wands. [potion of mutation]
 34155 | Spider:2 | Gained mutation: You passively map a small area around you.
                  | [potion of mutation]
 34155 | Spider:2 | Gained mutation: You have sharp toenails. [potion of
                  | mutation]
 34156 | Spider:2 | Lost mutation: You have sharp toenails. [potion of
                  | mutation]
 34156 | Spider:2 | Lost mutation: You passively map a small area around you.
                  | [potion of mutation]
 34156 | Spider:2 | Gained mutation: You do not regenerate when monsters are
                  | visible. [potion of mutation]
 34156 | Spider:2 | Gained mutation: You have sharp toenails. [potion of
                  | mutation]
 34156 | Spider:2 | Gained mutation: You sometimes lose the ability to read
                  | scrolls when taking damage. [potion of mutation]
 34156 | Spider:2 | Gained mutation: You have razor-sharp toenails. [potion of
                  | mutation]
 34157 | Spider:2 | Lost mutation: You sometimes lose the ability to read
                  | scrolls when taking damage. [potion of mutation]
 34157 | Spider:2 | Lost mutation: You do not regenerate when monsters are
                  | visible. [potion of mutation]
 34157 | Spider:2 | Lost mutation: You have razor-sharp toenails. [potion of
                  | mutation]
 34157 | Spider:2 | Gained mutation: You tend to lose your temper in combat.
                  | [potion of mutation]
 34158 | Spider:2 | Lost mutation: You have sharp toenails. [potion of
                  | mutation]
 34158 | Spider:2 | Lost mutation: You tend to lose your temper in combat.
                  | [potion of mutation]
 34158 | Spider:2 | Gained mutation: Your movements are slightly less
                  | encumbered by armour. (ER -2) [potion of mutation]
 34158 | Spider:2 | Gained mutation: You have a somewhat thin skeletal
                  | structure. (Dex +2, Stealth+) [potion of mutation]
 34398 | Elf:1    | Entered Level 1 of the Elven Halls
 34409 | Elf:1    | Reached skill level 21 in Fighting
 34501 | Elf:1    | Identified the +3 ring mail "Zonweb" {-Tele Harm rElec
                  | Str-2}
 34535 | Elf:1    | Found Vehyc's Antique Weapon Emporium.
 34548 | Elf:1    | Found a magical portal.
 34561 | WizLab   | Entered Tukima's Studio
 34687 | WizLab   | Noticed a walking earthen tome
 34705 | WizLab   | Killed a walking earthen tome
 34746 | WizLab   | Noticed a walking divine tome
 34747 | WizLab   | Noticed Dorkslayer's illusion
 34761 | WizLab   | Killed a walking divine tome
 34955 | WizLab   | Noticed Dorkslayer's illusion
 34972 | WizLab   | Noticed a walking divine tome
 34988 | WizLab   | Killed a walking divine tome
 35063 | WizLab   | Got the Disquisition on Malediction
 35443 | Elf:1    | Noticed Azrael
 35462 | Elf:1    | Killed Azrael
 35811 | Elf:1    | Reached XP level 19. HP: 190/190 MP: 19/19
 36290 | Elf:2    | Found a large runed translucent door.
 36290 | Elf:2    | Found a large runed translucent door.
 36317 | Elf:2    | Found a large runed translucent door.
 36317 | Elf:2    | Found a large runed translucent door.
 36371 | Elf:2    | Found Joyffaqe's Distillery.
 36372 | Elf:2    | Found Conoibyo's Distillery.
 36372 | Elf:2    | Found Biewn's Distillery.
 36388 | Elf:2    | Bought a potion of curing for 51 gold pieces
 36388 | Elf:2    | Bought a potion of haste for 170 gold pieces
 36388 | Elf:2    | Bought a potion of curing for 51 gold pieces
 36388 | Elf:2    | Bought a potion of might for 68 gold pieces
 36388 | Elf:2    | Bought a potion of resistance for 170 gold pieces
 36388 | Elf:2    | Found Lugum's Antique Armour Shop.
 36391 | Elf:2    | Bought a potion of haste for 180 gold pieces
 36391 | Elf:2    | Bought 2 potions of haste for 360 gold pieces
 36391 | Elf:2    | Bought a potion of might for 72 gold pieces
 36391 | Elf:2    | Bought a potion of might for 72 gold pieces
 36391 | Elf:2    | Bought a potion of flight for 54 gold pieces
 36397 | Elf:2    | Bought a potion of magic for 104 gold pieces
 36397 | Elf:2    | Bought a potion of curing for 39 gold pieces
 36397 | Elf:2    | Bought a potion of experience for 650 gold pieces
 36397 | Elf:2    | Bought a potion of might for 52 gold pieces
 36397 | Elf:2    | Reached XP level 20. HP: 200/200 MP: 19/21
 36408 | Elf:2    | Bought a polished plate armour for 560 gold pieces
 36408 | Elf:2    | Identified the +3 plate armour "Piant" {Int-3 Dex+5} (You
                  | bought it in a shop on level 2 of the Elven Halls)
 36697 | Elf:2    | Reached skill level 22 in Fighting
 36845 | Elf:3    | Entered Level 3 of the Elven Halls
 37016 | Elf:3    | Found Ifankes's Armour Boutique.
 37355 | Elf:3    | Found Oditsag's Distillery.
 37377 | Elf:3    | Bought a potion of haste for 170 gold pieces
 37377 | Elf:3    | Bought a potion of curing for 51 gold pieces
 37377 | Elf:3    | Bought a potion of might for 68 gold pieces
 37377 | Elf:3    | Bought a potion of curing for 51 gold pieces
 37391 | Elf:3    | Found a portal to a secret trove of treasure.
 37498 | Elf:3    | Noticed a Tzitzimitl
 37498 | Elf:3    | Noticed a Brimstone Fiend
 37689 | Elf:3    | Cast into level 3 of the Abyss (a deep elf sorcerer)
 37689 | Abyss:3  | Found a corrupted altar of Lugonu.
 37700 | Abyss:3  | Found a corrupted altar of Lugonu.
 37747 | Abyss:3  | Gained mutation: You tend to lose your temper in combat. [a
                  | neqoxec]
 37749 | Abyss:3  | Gained mutation: Your spells are a little easier to cast,
                  | but a little less powerful. [a neqoxec]
 37768 | Abyss:3  | Reached skill level 10 in Dodging
 37768 | Abyss:3  | Reached XP level 21. HP: 137/207 MP: 13/24
 37768 | Abyss:3  | Reached XP level 22. HP: 142/215 MP: 13/25
 37768 | Abyss:3  | Got an abyssal rune of Zot
 37779 | Abyss:3  | Paralysed by accursed screaming for 2 turns
 37785 | Abyss:3  | Paralysed by accursed screaming for 2 turns
 37787 | Abyss:3  | Lost intelligence.
 37788 | Abyss:3  | Found a corrupted altar of Lugonu.
 37833 | Abyss:3  | Lost mutation: You tend to lose your temper in combat. [a
                  | neqoxec]
 37899 | Elf:3    | Escaped the Abyss
 38167 | Depths:1 | Entered Level 1 of the Depths
 38231 | Depths:1 | Found Qylatt's Changing Room.
 38846 | Depths:1 | Found a one-way gate to the infinite horrors of the Abyss.
 38981 | Depths:1 | Found a gateway to Hell.
 39022 | Depths:1 | Found a blossoming altar of Fedhas.
 39078 | Depths:1 | Reached skill level 5 in Invocations
 39513 | Depths:1 | You fall into a shaft and drop 1 floor!
 39673 | Depths:2 | Reached XP level 23. HP: 65/225 MP: 27/27
 39681 | Depths:2 | Found a shimmering altar of Xom.
 40004 | Depths:2 | Found Hezocs's Weapon Boutique.
 40177 | Depths:2 | Reached skill level 23 in Fighting
 40274 | Depths:2 | Noticed a golden dragon
 40603 | D:4      | Fell from the grace of Gozag
 40603 | D:4      | Became a worshipper of the Shining One
 41186 | Depths:2 | Killed a golden dragon
 41319 | Depths:2 | Found a one-way gate leading to the halls of Pandemonium.
 41444 | Depths:2 | Identified the +3 scale mail of the Vacuum {rElec Str+5}
 41579 | Depths:3 | Found a stormy altar of Qazlal.
 41643 | Depths:3 | Reached * piety under the Shining One
 41900 | Depths:3 | Reached ** piety under the Shining One
 41939 | Depths:3 | Found a shadowy altar of Dithmenos.
 41939 | Depths:3 | Found the ring of Shadows {Umbra +Inv Stlth+}
 41939 | Depths:3 | Found the +2 cloak of the Thief {*Fog Slay-2 SInv Stlth+}
 42247 | Depths:3 | Noticed Mara
 42256 | Depths:3 | Noticed Dorkslayer's illusion
 42274 | Depths:3 | HP: 1/210 [Dorkslayer's illusion (illusionary)[Mara] (26)]
 42274 | Depths:3 | Slain by Dorkslayer's illusion (illusionary)

Illustrated notes

Levels and vault maps discovered:
D:1:      dpeg_arrival_another_circle, layout_rooms, st_stairs_6,
          minmay_misc_feat_diagonals, minmay_pentomino_r4
D:2:      layout_rooms, serial_shops, nicolae_shop_bloodbath_and_beyond,
          basic_altar
D:3:      layout_basic, hellmonk_ecumenical_altar_dog_temple,
          minmay_misc_feat_plants, uniq_jessica
D:4:      layout_layer_cave, nicolae_ru_sacrificial_ziggurat, tso_altar,
          minmay_temple_entry_water_ring, gammafunk_ghost_mausoleum,
          lightli_sewer_entry_pipes, minmay_strange_pillars
D:5:      layout_loops_corners, nicolae_dithmenos_the_darkroom, serial_shops,
          nicolae_shop_trees, minmay_misc_feat_tiny, minmay_pentangle
D:6:      layout_cave_pools, uniq_maggie, uniq_duvessa, uniq_eustachio
D:7:      layout_basic, nzn_wu_jian_council_hall
D:8:      gammafunk_boulding_lane, layout_basic, uniq_maurice
D:9:      layout_stronghold
D:10:     layout_irregular_city, makhleb_altar_promises_db, enter_bailey_4,
          serial_shops, shop, serial_undead, serial_undead_f, serial_undead_b,
          serial_undead_a, serial_undead_b, serial_undead_c, serial_undead_c,
          serial_undead_e
D:11:     layout_cave_pools, erik_lair_orcish_takeover, gammafunk_ghost_icy,
          uniq_erolcha, uniq_harold
D:12:     layout_basic, orc_0_dummy, portal_ice_cave_entry_pillars_2
D:13:     kennysheep_four_of_diamonds, layout_small_grid
D:14:     layout_basic, hangedman_vaults_entry_quadrant_bands, serial_shops,
          kennysheep_mini, maelrawn_ghost_gauntlet_escape,
          minmay_misc_feat_cross, worldfamousw_hep_ancestral_shrine
D:15:     hangedman_depths_entry_civil_slaughter, layout_gridville,
          old_standard_altar
Temple:   minmay_crystal_spiral_temple
Lair:1:   dragon1_lemuel, layout_loops_ring, nicolae_lair_grazing_beasts
          [nicolae_sub_lair_graze_edge, nicolae_sub_lair_graze_edge,
          nicolae_sub_lair_graze_edge, nicolae_sub_lair_graze_edge],
          lemuel_fruit_tree
Lair:2:   layout_long_grid, minmay_shoals_entry_beasts,
          spider_nest_entry_funnel_web
Lair:3:   nzn_winding_woodlands_large [nzn_winding_woodlands_5x5_checkerboard,
          nzn_winding_woodlands_5x15_crooked,
          nzn_winding_woodlands_5x5_open_star,
          nzn_winding_woodlands_center_pierced_h,
          nzn_winding_woodlands_15x15_eel_pit,
          nzn_winding_woodlands_center_triple_pond,
          nzn_winding_woodlands_5x5_three, nzn_winding_woodlands_5x15_longhouse,
          nzn_winding_woodlands_5x5_perimeter], layout_small_grid,
          nicolae_lair_lil_pond
Lair:4:   layout_regular_city, chequers_serial_rivers_large_a, uniq_rupert,
          uniq_snorg
Lair:5:   layout_cave_pods, slime_altar_2, uniq_urug
Lair:6:   gammafunk_lair_ancient_temple, layout_cave_pods
Spider:1: layout_cave_pods, nicolae_spider_bzzzt
Spider:2: layout_spider_delve, uniq_arachne
Spider:3: layout_spider_delve, gammafunk_ghost_cemetery
Spider:4: guppyfry_spider_rune
Orc:1:    layout_caves, basic_altar, mines_bat_river
Orc:2:    grunt_orc_gardens, layout_caves, grunt_orc_garden, grunt_orc_garden,
          grunt_orc_garden, grunt_orc_garden
Elf:1:    elf_arrival_001, layout_onion_city, infiniplex_enter_wizlab_water,
          serial_shops, shop, evilmike_minifort, grunt_ministairs_9, uniq_azrael
Elf:2:    elven_hall_of_blades_hangedman_alternative
          [nicolae_blade_entry_splitting_headache], layout_rooms,
          minmay_shoptagon
Elf:3:    nooodl_elf_gasket, layout_loops_corners,
          nicolae_trove_entry_free_sample, serial_shops, shop,
          nicolae_shop_waterfront, hangedman_elf_simple_split
Depths:1: layout_honeycomb, hangedman_abyss_entry_splay,
          hangedman_tar_grid_catacomb, fedhas_altar_3, minmay_crystal_water,
          nicolae_wwwww, minmay_misc_feat_room, minmay_holes,
          nicolae_transmutations_shop, grunt_decor_clamped,
          hangedman_decor_opposing, amcnicky_mini_rare_corridor_liquid,
          kb_rosetta
Depths:2: minmay_the_grid_octo_tiled_octocenter_mashed
          [minmay_the_grid_octo_fan_narrow, minmay_the_grid_octo_focus,
          minmay_the_grid_octo_clover, minmay_the_grid_octo_checkered,
          minmay_the_grid_octo_prize_big_c,
          minmay_the_grid_square_5x5_spiral_small,
          minmay_the_grid_square_5x5_one_wall, minmay_the_grid_square_5x5_c,
          minmay_the_grid_square_5x5_shrine1], layout_cave_pools,
          minmay_misc_feat_alley, pan_entry, abyss_entry,
          grunt_hell_entry_dis_mu, serial_shops, nicolae_shop_trees,
          xom_confusion_cloud
Depths:3: regret_index_dithmenos_brocken_genspenst, layout_cave_shapes,
          rand_demon_pan_entry_4, pf_vacation_house_of_asmodeus, abyss_entry,
          minmay_misc_feat_square, grunt_qazlal_sundering,
          minmay_staircase_statues_hall_large, uniq_mara

Skill      XL: |  1  2  3  4  5  6  7  8  9 10 11 12 13 14 15 16 17 18 19 20 21 22 23 |
---------------+----------------------------------------------------------------------+-----
Axes           | 3 4 5 6 7 8 10 11 13 15 16 17 18 19 20 | 20.3
Fighting       | 4 5 6 7 9 10 12 14 16 18 19 20 21 22 23 | 23.5
Dodging        | 1 2 3 5 6 8 9 10 11 | 11.0
Shields        | 4 5 7 9 11 12 13 14 15 16 17 19 20 21 | 21.3
Armour         | 4 5 6 7 8 9 10 11 12 | 12.8
Stealth        | 1 2 3 4 |  4.5
Evocations     | 2 3 4 6 7 8 9 10 11 12 13 | 13.8
Throwing       | 1 2 4 5 |  5.9
Invocations    | 2 4 6 7 |  7.6

Action                   |  1- 3 |  4- 6 |  7- 9 | 10-12 | 13-15 | 16-18 | 19-21 | 22-24 || total
-------------------------+-------+-------+-------+-------+-------+-------+-------+-------++-------
Melee: War axe           |    86 |    34 |   207 |   507 |   946 |   248 |       |       ||  2028
       Hand axe          |       |   218 |    87 |       |       |       |       |       ||   305
       Unarmed           |       |       |       |     1 |       |       |       |       ||     1
       Broad axe         |       |       |       |       |       |   977 |   183 |   605 ||  1765
Throw: Dart              |       |     2 |     6 |     7 |       |       |       |       ||    15
       Boomerang         |       |       |     7 |   142 |     3 |       |       |     5 ||   157
       Throwing net      |       |       |       |       |     3 |     6 |       |       ||     9
       Javelin           |       |       |       |       |       |    16 |    18 |     2 ||    36
Invok: Call Merchant     |       |       |       |       |       |     3 |       |       ||     3
Evoke: Wand              |       |       |       |     9 |     7 |    20 |     1 |     4 ||    41
       Condenser vane    |       |       |       |       |       |     3 |     1 |     1 ||     5
       Box of beasts     |       |       |       |       |       |     2 |       |       ||     2
       Phantom mirror    |       |       |       |       |       |     1 |       |       ||     1
  Use: Scroll            |       |     4 |    14 |     9 |     7 |    10 |     5 |     5 ||    54
       Potion            |       |     1 |     2 |    11 |     4 |    31 |    11 |     8 ||    68
 Stab: Distracted        |       |       |     1 |     6 |     7 |    14 |       |     3 ||    31
       Held in net/web   |       |       |       |       |       |     4 |       |       ||     4
       Invisible         |       |       |       |       |       |     2 |       |       ||     2
Armor: Scale mail        |    30 |    30 |       |       |       |       |       |       ||    60
       Chain mail        |       |    83 |   129 |    35 |       |       |       |       ||   247
       Plate armour      |       |       |       |   147 |   287 |   474 |    44 |   192 ||  1144
Dodge: Dodged            |    34 |    62 |    75 |    89 |   186 |   284 |    43 |   164 ||   937
Block: Buckler           |    29 |     5 |       |       |       |       |       |       ||    34
       Kite shield       |       |   100 |   192 |   423 |   689 |  1144 |   158 |   516 ||  3222
       Reflection        |       |       |       |    23 |    31 |    55 |    24 |     3 ||   136
